Map: Blackpink LE

Players

meowmeowcute - Winner!

  • Race: Protoss Protoss
  • Spawn Location: 7:00

A.I. 1 (Medium)

  • Race: Terran Terran
  • Spawn Location: 1:00

VOD

Have the link to the VOD?

Description

Time

  • Played on: June 24, 2018, 2:54 p.m.
  • Length: 20:11
Show
View Real Time Build Order
Export as new Build Order

meowmeowcute Protoss - Winner!

Build Orders:  

Get SALT Encoding   

  12  0:14  Probe  
  13  0:21  Pylon  
  13  0:22  Probe  
  14  0:37  Probe  
  14  0:38  Assimilator  
  15  0:50  Probe  
  15  0:51  Gateway  
  16  1:02  Probe  
  16  1:10  Probe  
  18  1:19  Probe  
  18  1:22  Pylon  
  19  1:31  Probe  
  20  1:45  Probe  
  21  1:48  Cybernetics Core  
  21  1:57  Probe  
  21  1:59  Assimilator  
  24  2:08  Zealot  
  24  2:09  Probe  
  25  2:20  Probe  
  25  2:22  Gateway  
  26  2:24  Warp Gate  
  26  2:28  Probe  
  26  2:35  Zealot  
  29  2:51  Pylon  
  29  3:02  Zealot  
  31  3:14  Zealot  
  33  3:22  Stargate  
  33  3:30  Probe  
  33  3:33  Pylon, Zealot  
  36  3:48  Adept  
  38  4:00  Adept, Pylon  
  38  4:01  Probe  
  41  4:07  Oracle  
  44  4:29  Adept  
  46  4:34  Oracle  
  46  4:35  Pylon, Probe  
  46  4:38  Adept  
  52  4:47  Probe  
  52  4:48  Protoss Air Weapons Level 1  
  53  5:06  Forge  
  53  5:08  Gateway  
  53  5:09  Gateway  
  53  5:24  Oracle  
  53  5:27  Zealot  
  58  5:30  Adept  
  60  5:38  Pylon  
  60  5:41  Probe  
  60  5:49  Probe  
  57  5:58  Probe  
  57  6:00  Fleet Beacon  
  58  6:18  Stalker  
  58  6:20  Stalker  
  58  6:25  Oracle  
  60  6:50  Adept  
  60  6:51  Adept  
  60  6:52  Adept  
  60  6:53  Adept  
  64  7:11  Carrier  
  64  7:27  Nexus  
  60  7:36  Adept x2  
  64  7:37  Adept  
  64  7:44  Pylon  
  66  7:48  Pylon  
  66  7:53  Assimilator  
  66  7:54  Assimilator  
  66  8:18  Protoss Shields Level 1  
  66  8:48  Zealot  
  66  8:49  Zealot  
  66  8:50  Zealot x2  
  74  9:06  Probe  
  75  9:14  Probe  
  75  9:23  Probe  
  76  9:25  Mothership  
  77  9:35  Probe  
  86  9:47  Probe  
  87  9:59  Probe  
  70  10:21  Stalker  
  70  10:22  Stalker  
  70  10:23  Stalker x2  
  78  10:38  Carrier  
  84  10:43  Graviton Catapult  
  84  10:45  Protoss Air Armor Level 1  
  84  11:01  Probe  
  85  11:07  Pylon  
  85  11:08  Pylon  
  85  11:09  Probe  
  85  11:17  Probe  
  86  11:25  Stalker  
  89  11:26  Stalker  
  89  11:28  Stalker, Stargate  
  89  11:29  Stalker, Probe  
  96  11:41  Probe  
  97  11:48  Robotics Facility  
  97  11:50  Robotics Facility  
  97  11:53  Probe  
  98  12:02  Stalker  
  98  12:03  Stalker  
  98  12:04  Stalker  
  98  12:05  Probe  
  105  12:17  Probe  
  106  12:23  Carrier  
  106  12:29  Probe  
  113  12:41  Nexus  
  113  12:45  Assimilator  
  113  12:49  Assimilator  
  113  12:53  Stalker x2  
  113  12:56  Stalker  
  95  13:13  Pylon  
  95  13:15  Probe  
  96  13:23  Probe  
  96  13:25  Pylon  
  97  13:32  Probe  
  96  13:44  Carrier, Probe  
  96  13:47  Stalker  
  96  13:48  Stalker  
  107  13:49  Stalker  
  107  13:51  Stalker  
  111  13:57  Probe  
  112  14:17  Probe  
  113  14:25  Probe  
  114  14:34  Probe  
  115  14:46  Probe  
  116  14:58  Probe  
  117  15:13  Carrier  
  117  15:15  Carrier  
  129  15:39  Probe  
  130  16:01  Protoss Air Weapons Level 2  
  130  16:09  Stalker x2  
  130  16:10  Stalker x2  
  142  16:25  Immortal  
  142  16:26  Immortal  
  146  16:50  Nexus  
  146  17:07  Pylon  
  146  17:11  Pylon  
  146  17:20  Assimilator  
  146  17:23  Pylon  
  146  17:24  Assimilator  
  146  17:25  Pylon  
  146  17:26  Pylon  
  146  17:28  Pylon  
  146  17:32  Pylon  
  146  17:35  Stalker  
  146  17:36  Stalker x2  
  152  17:37  Stalker  
  152  17:38  Carrier  
  152  17:40  Carrier  
  152  17:41  Immortal  
  152  17:42  Immortal  
  174  17:51  Protoss Ground Armor Level 1  
  174  19:00  Tempest  
  174  19:02  Tempest  
Show
View Real Time Build Order
Export as new Build Order

A.I. 1 (Medium) Terran 

Build Orders:  

Get SALT Encoding   

  12  0:00  SCV  
  13  0:13  SCV  
  14  0:19  Supply Depot  
  14  0:25  SCV  
  15  0:41  SCV  
  16  0:43  Barracks  
  16  0:50  Refinery  
  16  0:53  SCV  
  17  1:05  SCV  
  18  1:16  Supply Depot  
  18  1:31  Orbital Command, Barracks, Marine  
  19  1:43  Refinery  
  19  1:49  Barracks Tech Lab  
  19  2:07  Marine  
  20  2:10  Supply Depot  
  20  2:18  Marine  
  21  2:27  Marauder  
  23  2:31  SCV  
  23  2:36  Marine  
  25  2:43  SCV  
  26  2:44  Engineering Bay  
  26  2:48  Marine  
  27  2:55  Marine, SCV  
  27  2:57  Supply Depot  
  29  3:07  Marauder, SCV  
  32  3:19  SCV  
  33  3:28  Marauder  
  33  3:31  SCV  
  36  5:14  SCV, Barracks Tech Lab, Marine  
  36  5:17  Factory  
  36  5:20  Factory  
  38  5:21  Supply Depot  
  38  5:23  Missile Turret  
  38  5:24  Missile Turret  
  38  5:27  SCV  
  39  5:29  Sensor Tower  
  39  5:30  Ghost Academy  
  39  5:33  Marauder, Barracks  
  41  5:37  Marine  
  42  5:46  Bunker  
  38  5:54  Command Center, Marine  
  31  5:59  Marine  
  31  6:01  Factory Tech Lab, Starport  
  32  6:04  Factory Tech Lab, Armory  
  32  6:12  Marauder  
  34  6:19  Marine  
  34  6:20  Barracks Reactor  
  35  6:33  Marine  
  35  6:37  Hellion  
  35  6:39  Starport Tech Lab  
  31  6:41  Supply Depot  
  31  6:42  SCV  
  31  6:44  Hellion  
  31  6:58  Hellion  
  31  6:59  Viking  
  31  7:07  SCV  
  28  7:09  Marine  
  27  7:19  Marine, SCV  
  27  7:30  Marauder  
  27  7:31  SCV  
  30  7:39  Marine  
  30  7:43  SCV  
  32  7:44  SCV  
  32  7:50  Marine  
  34  7:56  SCV  
  34  7:57  SCV  
  36  8:00  Marine  
  37  8:08  SCV  
  37  8:09  SCV  
  37  8:10  Marine  
  40  8:18  Raven  
  40  8:19  Ghost  
  42  8:20  SCV  
  42  8:21  SCV  
  46  8:30  Marauder  
  46  8:32  SCV  
  49  8:36  SCV  
  49  8:40  Marine  
  51  8:44  SCV  
  53  8:48  SCV  
  53  8:49  Missile Turret  
  53  8:50  Marauder  
  55  8:56  SCV  
  55  8:59  Missile Turret  
  55  9:00  Raven, SCV  
  59  9:08  SCV  
  60  9:12  SCV  
  61  9:17  Sensor Tower  
  61  9:20  SCV  
  61  9:23  Bunker  
  62  9:24  SCV  
  62  9:31  Starport  
  63  9:34  Reaper  
  64  9:43  Medivac  
  66  9:51  Marine  
  67  9:53  Supply Depot  
  67  9:56  Marine  
  67  9:58  SCV  
  69  10:00  SCV  
  69  10:01  Reaper  
  69  10:06  Marine  
  65  10:07  Medivac  
  65  10:09  Marine  
  65  10:13  Raven  
  65  10:14  Marine  
  54  10:24  Marine  
  54  10:27  Marine  
  56  10:32  Marine x2  
  58  10:35  Refinery  
  58  10:37  Stimpack  
  58  10:38  Starport Tech Lab  
  58  10:39  Combat Shields  
  58  10:41  Marine  
  59  10:45  Marauder  
  59  10:47  Refinery, Terran Infantry Weapons Level 1  
  61  10:59  SCV  
  61  11:00  Marauder  
  61  11:02  SCV  
  65  11:06  Ghost, Engineering Bay  
  65  11:11  SCV  
  68  11:14  SCV  
  69  11:21  Marauder  
  69  11:23  Fusion Core, SCV  
  72  11:32  Terran Infantry Armor Level 1  
  72  11:40  Command Center, Armory  
  72  11:58  Concussive Shells  
  72  12:49  Siege Tank  
  75  12:52  Supply Depot  
  75  12:54  Siege Tank  
  77  12:59  Marine  
  77  13:03  Refinery  
  77  13:04  Marine  
  64  13:10  Marine  
  58  13:15  Marine  
  58  13:17  Refinery  
  54  13:20  Marine  
  54  13:25  Marine, SCV  
  51  13:28  SCV  
  51  13:30  Marine  
  51  13:31  SCV  
  51  13:34  Raven  
  48  13:35  Marine  
  48  13:37  SCV  
  48  13:41  Marine  
  39  13:43  SCV  
  39  13:46  Marine  
  40  13:49  SCV  
  40  13:51  Marine  
  40  13:55  Raven, SCV  
  37  13:56  Hellion  
  37  14:01  Siege Tank, SCV  
  39  14:07  SCV  
  39  14:09  Marauder  
  34  14:13  SCV  
  33  14:17  Siege Tank  
  33  14:19  Command Center  
  33  14:20  Marine  
  38  14:25  SCV  
  38  14:26  Marine  
  38  14:30  Refinery  
  32  14:33  Marine  
  32  14:37  SCV  
  34  14:40  Hellion  
  33  14:46  Raven  
  33  14:48  Marauder  
  33  14:49  SCV  
  29  15:01  SCV  
  30  15:38  Command Center  
  30  15:48  SCV  
  31  15:59  Refinery, SCV  
  32  16:07  SCV  
  33  16:16  SCV  
  34  16:20  SCV  
  34  16:24  Marine  
  36  16:30  SCV  
  37  16:33  SCV  
  38  16:42  SCV  
  38  16:45  SCV  
  39  16:54  SCV  
  39  17:00  Medivac  
  42  17:12  Banshee  
  42  17:14  SCV  
  44  17:18  SCV  
  45  17:30  Raven  
  47  17:55  Banshee  
  50  18:05  SCV  
  50  18:13  Banshee  
  53  18:38  Viking  
  55  18:56  Medivac, Refinery  
  55  18:57  Refinery  
  57  19:08  Viking  
  57  19:09  Marine  
  60  19:12  SCV  
  60  19:15  SCV  
  55  19:17  Hellion  
  50  19:24  Marauder, SCV  
  50  19:26  Raven  
  50  19:31  Marine  
  47  19:36  SCV  
  36  19:39  Hellion  
  31  19:55  Command Center  
Tags
 
Matchup
PvT
Spawn Locations
Cross Positions
Add a new tag
Caveats
  • Supply blocks, unpowered buildings, or Contaminate may cause inaccurate times.
  • Supply counts are checked every 10 seconds.